AoeStats
← 18 on berries

Arena

510811700Analyzed
1v1 RM · 18h ago on Oct 2, 2026· 46m 30s· 2 players
Game mode
Random Map
Map size
Tiny (2 player)
Population
200
Speed
Normal
Resources
Standard
Victory
Conquest
Starting age
Dark Age
Ending age
Imperial Age
RankedLock teamsTeams togetherTeam positionsShared explorationLock speedFull tech treeHidden civsTurbo modeCheats
Victory
Defeat
🇩🇪 Saxons · Germany
1952
+18
🇺🇸 Koreans · United States
1988
-18
18 on berries
9:58 Feudal Age
14:06 Castle Age
12:07 Double-Bit Axe
12:18 Horse Collar
15:00 Bow Saw
15:07 Heavy Plow
16:03 Light Cavalry
22:27 Wheelbarrow
25:39 Stone Mining
25:40 Gold Mining
28:49 Imperial Age
26:06 Loom
26:40 Hand Cart
26:58 Scale Mail Armor
27:37 Gold Shaft Mining
27:08 Squires
28:06 Chain Mail Armor
28:00 Fletching
28:01 Town Watch
29:00 Forging
29:10 Masonry
28:52 Pikeman
30:11 Plate Mail Armor
30:31 Crop Rotation
29:50 Halberdier
31:34 Iron Casting
30:38 Shield Wall
30:40 Elite Hearth Troop
32:20 Iron Casting
32:31 Siege Engineers
34:00 Two-Man Saw
33:56 Conscription
33:47 Elite Varangian Guard
34:48 Bodkin Arrow
35:23 Ballistics
34:58 Capped Ram
37:23 Bracer
38:47 Chemistry
38:17 Architecture
38:30 Padded Archer Armor
38:46 Guilds
38:54 Siege Ram
39:27 Treadmill Crane
42:16 Arson
44:30 Hoardings
44:42 Murder Holes
BeardyMan37
10:28 Feudal Age
14:23 Castle Age
12:11 Double-Bit Axe
12:29 Horse Collar
15:07 Light Cavalry
21:12 Bow Saw
22:29 Wheelbarrow
25:16 Hand Cart
28:02 Imperial Age
25:41 Scale Mail Armor
25:52 Forging
25:35 Pikeman
26:16 Squires
26:34 Heavy Plow
26:25 Gold Mining
26:29 Stone Mining
27:48 Chain Mail Armor
28:10 Iron Casting
28:24 Fletching
29:45 Chemistry
29:49 Plate Mail Armor
30:00 Loom
30:01 Town Watch
30:35 Bodkin Arrow
30:12 Elite Fire Lancer
31:18 Ballistics
31:27 Bodkin Arrow
32:19 Conscription
32:13 Bracer
32:32 Arrowslits
34:09 Two-Man Saw
36:33 Thumb Ring
35:48 Elite Skirmisher
39:02 Eupseong
44:03 Guilds
46:03 Siege Engineers
46:17 Arson
46:54 Masonry
46:22 Man-at-Arms
Connection lost

Rejoining the realm…

Still unreachable

The connection could not be restored.

Session expired

The server has moved on; the page needs a fresh start.